 Dungeon Crawl Stone Soup version 0.32-a0-39-g5c88369fb2 (webtiles) character file.

Game seed: 2702240156982400889

6561 Morbidden the Skirmisher (level 11, -1/86 HPs)
             Began as a Barachi Hunter on Jan 25, 2024.
             Was a High Priest of Cheibriados.
             Killed from afar by an acid dragon (10 damage)
             ... with a splash of acid
             ... on level 10 of the Dungeon.
             The game lasted 00:19:44 (10420 turns).

Morbidden the Skirmisher (Barachi Hunter)          Turns: 10420, Time: 00:19:44

Health: -1/86      AC: 16    Str: 30    XL:     11   Next: 1%
Magic:  0/13       EV: 14    Int: 26    God:    Cheibriados [*****.]
Gold:   471        SH:  0    Dex: 27    Spells: 10/10 levels left

rFire   + . .        b - +1 dagger (drain)
rCold   . . .        (no shield)
rNeg    . . .        t - +4 chain mail of Zufrinar {rF+ Str+2 Int+7 Dex-3}
rPois   .            q - +2 hat of the Bear Spirit {Spirit, Bear, *Rage Will++}
rElec   .            w - +1 cloak
rCorr   +            (no gloves)
SInv    .            (no boots)
Will    ++...        (no amulet) Stlth
                     B - ring of resist corrosion
HPRegen 0.34/turn    (no ring)
MPRegen 0.13/turn

%: random rage (20%), guardian spirit
@: corroded, unable to hop, on berserk cooldown, slowed, studying Ranged
Weapons, very slow
A: amphibious, slowness 1, strong legs 1, +LOS, iridescent scales 1, strong 1,
wild magic 1
a: Hop, Renounce Religion, Bend Time, Temporal Distortion, Slouch, Step From
Time


You were on level 10 of the Dungeon.
You worshipped Cheibriados.
Cheibriados was extremely pleased with you.
You visited 2 branches of the dungeon, and saw 11 of its levels.
You also visited: Bailey.

You collected 471 gold pieces.

Inventory:

Hand Weapons
 a - a +1 shortbow of draining
 b - a +1 dagger of draining (weapon)
 p - a +0 dagger of flaming
 z - a +5 scimitar
Missiles
 j - 30 poisoned darts
Armour
 q - the +2 hat of the Bear Spirit (worn) {Spirit, Bear, *Rage Will++}
   (You found it in a bailey)

   Bear:      Going berserk makes the wearer exceptionally tough, and they are
   slowed for a shorter time afterward.
   Will++:    It greatly increases your willpower.
   *Rage:     It berserks you when you make melee attacks (+20% chance).
 t - the +4 chain mail of Zufrinar (worn) {rF+ Str+2 Int+7 Dex-3}
   (You found it on level 4 of the Dungeon)

   Str+2:     It affects your strength (+2).
   Int+7:     It affects your intelligence (+7).
   Dex-3:     It affects your dexterity (-3).
   rF+:       It protects you from fire.
 w - a +1 cloak (worn)
 F - +1 swamp dragon scales
Jewellery
 i - a ring of ice
 v - the ring of Eskal {Fire Will+++ Int+2 Slay-5 Stlth-}
   (You found it in a bailey)

   [ring of fire]

   Fire:      It enhances your fire magic.
   Int+2:     It affects your intelligence (+2).
   Slay-5:    It affects your accuracy & damage with ranged weapons and melee
   (-5).
   rF+:       It protects you from fire.
   rC-:       It makes you vulnerable to cold.
   Will+++:   It greatly increases your willpower.
   Stlth-:    It makes you less stealthy.
 A - a ring of ice
 B - a ring of resist corrosion (left hand)
Wands
 n - a wand of mindburst (4)
 y - a wand of roots (5)
 E - a wand of polymorph (7)
Scrolls
 d - 3 scrolls of poison
 e - 5 scrolls of identify
 l - a scroll of enchant armour
 o - 5 scrolls of teleportation
 r - a scroll of noise
 s - 2 scrolls of blinking
 x - 2 scrolls of vulnerability
Potions
 c - 2 potions of haste
 f - 3 potions of heal wounds
 g - a potion of mutation
 h - 2 potions of might {unknown}
 k - a potion of resistance
 m - a potion of cancellation
 u - 3 potions of magic {unknown}
 C - a potion of lignification
 D - a potion of brilliance
 G - 3 potions of attraction


   Skills:
 * Level 8.1 Fighting
 + Level 4.3(4.9) Short Blades
 * Level 4.0(5.1) Long Blades
 * Level 11.7 Ranged Weapons
 * Level 6.8 Armour
 * Level 5.7 Dodging
 + Level 1.7 Stealth
 * Level 3.7 Invocations
 * Level 4.5 Evocations


You had 10 spell levels left.
You didn't know any spells.
Your spell library contained the following spells:

 Spells                   Type           Power      Damage    Failure   Level
 Magic Dart               Conj           0%         1d3       52%         1
 Necrotise                Necr           0%         1d4       52%         1
 Shock                    Conj/Air       0%         1d3       52%         1
 Searing Ray              Conj           0%         2d4       65%         2
 Call Canine Familiar     Summ           0%         N/A       86%         3
 Inner Flame              Hex/Fire       0%         N/A       86%         3
 Sigil of Binding         Hex            0%         N/A       86%         3
 Swiftness                Air            0%         N/A       86%         3
 Vampiric Draining        Necr           0%         2d6       86%         3
 Airstrike                Air            0%         2d(0-16)  99%         4
 Dimensional Bullseye     Hex/Tloc       0%         N/A       99%         4
 Fulminant Prism          Conj/Alch      0%         3d5       99%         4
 Martyr's Knell           Necr/Summ      0%         N/A       99%         4
 Curse of Agony           Necr           0%         N/A       100%        5
 Irradiate                Conj/Alch      0%         3d11      100%        5
 Ignition                 Fire           0%         3d3       100%        8


Dungeon Overview and Level Annotations

Branches:
Dungeon (10/15)            Temple (1/1) D:4          Bailey (visited)
   Lair: D:8-11         Orc: D:9-12

Altars:
Ashenzari
Cheibriados
Dithmenos
Elyvilon
Fedhas
Gozag
Hepliaklqana
Kikubaaqudgha
Makhleb
Nemelex Xobeh
Okawaru
Qazlal
Ru
Sif Muna
Trog
Uskayaw
Vehumet
Wu Jian
Xom
Yredelemnul
The Shining One
Jiyva

Shops:
D:1 ([   D:2 [[[[(

Annotations:
D:8 2 transporters


Innate Abilities, Weirdness & Mutations

You are amphibious.
You cover ground slowly.
You can hop short distances.
You have an extended range of vision and can be seen from far away.
You are partially covered in iridescent scales. (AC +2)
Your muscles are strong. (Str +4, Int/Dex -1)
Your spells are a little harder to cast, but a little more powerful.


Message History

The deep elf pyromancer mumbles some strange words.
The deep elf pyromancer blinks!
There is a stone staircase leading down here.
The deep elf pyromancer casts a spell.
The five-headed hydra bites you!
The five-headed hydra bites you but does no damage. x3
The five-headed hydra bites you!
The deep elf pyromancer closely misses you.
The water moccasin bites you but does no damage.
The five-headed hydra closely misses you.
The five-headed hydra bites you!
* * * LOW HITPOINT WARNING * * *
The five-headed hydra closely misses you.
The five-headed hydra bites you.
* * * LOW HITPOINT WARNING * * *
The five-headed hydra bites you but does no damage.
You climb downwards.
The fire elemental disappears in a puff of smoke!
Found a cloak.
There is a stone staircase leading up here.
Unknown command.
Unknown command.
Unknown command.
Blink to where?
Press: ? - help, Dir - move target An acid dragon comes into view.
Found a stone staircase leading down.
As you read the scroll of blinking, it crumbles to dust.
The acid dragon roars!
Unknown command.
Unknown command.
Unknown command.
Okay, then.
The acid dragon spits acid at you. The splash of acid hits you! You resist.
* * * LOW HITPOINT WARNING * * *
The acid corrodes you! The acid dragon spits acid at you.
The splash of acid hits you! You resist.
You die...

#.....# ##
#......# ..
+......### ##.
#.....[... ..#
#.......... ..#
#.........# ..#
..........##..##
.......D.......#
.........@...#
..##.......>.#
#.........#
.......######
........
........
........
........ ......


You could see an acid dragon (catching breath).

Vanquished Creatures
  A centaur warrior (D:9)
  A two-headed ogre (D:9)
  A gargoyle (Bailey)
  Maggie (D:6)
  A hornet (D:8)
  Sigmund (D:4)
  A wyvern (D:8)
  2 steam dragons
  A water moccasin (D:7)
  4 orc warriors
  A sky beast (D:7)
  3 ice beasts
  A black bear (D:4)
  4 centaurs
  3 bullfrogs
  A kobold brigand (D:7)
  4 scorpions
  9 wights
  6 vampire bats (Bailey)
  8 wolf zombies (Bailey)
  3 bombardier beetles (D:5)
  A gnoll bouda (D:7)
  2 hounds
  7 orc priests
  A jelly (D:5)
  5 iguanas
  3 sleepcaps
  11 orc wizards
  13 gnolls
  8 adders
  A shadow imp (D:7)
  2 white imps (D:6)
  2 ufetubi (D:6)
  3 dart slugs
  A ribbon worm (D:3)
  18 orcs
  8 endoplasms
  A giant cockroach (D:1)
  7 goblins
  6 hobgoblins
  11 jackals
  9 kobolds
  4 quokkas
  14 ball pythons
  10 bats
  4 frilled lizards
  20 orc zombies (Bailey)
  5 rats
234 creatures vanquished.

Vanquished Creatures (others)
  An orc (D:7)
1 creature vanquished.

Grand Total: 235 creatures vanquished

Notes
Turn   | Place    | Note
-------+----------+-------------------------------------------
     0 | D:1      | Morbidden the Barachi Hunter began the quest for the Orb.
     0 | D:1      | Reached XP level 1. HP: 17/17 MP: 1/1
    11 | D:1      | Found Qatucots's Armour Shop.
   199 | D:1      | Found a faded altar of an unknown god.
   209 | D:1      | Found Etacli's Weapon Shoppe.
   258 | D:1      | Reached XP level 2. HP: 23/23 MP: 2/2
   616 | D:1      | Reached skill level 1 in Armour
   740 | D:1      | Reached XP level 3. HP: 28/28 MP: 3/3
  1325 | D:2      | Reached XP level 4. HP: 34/34 MP: 4/4
  1331 | D:2      | Reached skill level 5 in Ranged Weapons
  1435 | D:2      | Found Yppeifom's Armour Boutique.
  1647 | D:2      | Reached XP level 5. HP: 39/41 MP: 5/5
  1812 | D:2      | Found Moikkud's Armour Shop.
  1926 | D:2      | Found Zaecayff's Armour Shoppe.
  2018 | D:2      | Found Hysawodi's Weapon Emporium.
  2030 | D:2      | Found Teil's Armour Shop.
  2596 | D:4      | Identified the +4 chain mail of Zufrinar {rF+ Str+2 Int+7
                  | Dex-3}
  2734 | D:4      | Reached skill level 6 in Ranged Weapons
  2734 | D:4      | Reached XP level 6. HP: 47/47 MP: 6/6
  2779 | D:4      | Gained mutation: Your flesh is heat resistant. (rF+)
                  | [potion of mutation]
  2779 | D:4      | Gained mutation: Armour fits poorly on your strangely
                  | shaped body. [potion of mutation]
  2779 | D:4      | Gained mutation: Your spells are a little harder to cast,
                  | but a little more powerful. [potion of mutation]
  2779 | D:4      | Gained mutation: You are partially covered in iridescent
                  | scales. (AC +2) [potion of mutation]
  2852 | D:4      | Lost mutation: Your flesh is heat resistant. (rF+) [potion
                  | of mutation]
  2852 | D:4      | Lost mutation: Armour fits poorly on your strangely shaped
                  | body. [potion of mutation]
  2852 | D:4      | Gained mutation: Your muscles are strong. (Str +4, Int/Dex
                  | -1) [potion of mutation]
  3028 | D:4      | Noticed a black bear
  3045 | D:4      | Killed a black bear
  3046 | D:4      | Reached skill level 1 in Short Blades
  3075 | D:4      | Found a staircase to the Ecumenical Temple.
  3097 | Temple   | Entered the Ecumenical Temple
  3114 | D:4      | Found an ancient bone altar of Kikubaaqudgha.
  3115 | D:4      | Found a radiant altar of Vehumet.
  3142 | D:4      | Reached skill level 1 in Stealth
  3197 | D:4      | Found a snail-covered altar of Cheibriados.
  3198 | D:4      | Found a burning altar of Makhleb.
  3214 | D:4      | Found a shimmering blue altar of Sif Muna.
  3215 | D:4      | Found a hazy altar of Hepliaklqana.
  3216 | D:4      | Became a worshipper of Cheibriados the Contemplative
  3219 | D:4      | Found a stormy altar of Qazlal.
  3219 | D:4      | Found a blossoming altar of Fedhas.
  3220 | D:4      | Found an opulent altar of Gozag.
  3507 | D:4      | Reached XP level 7. HP: 52/52 MP: 7/7
  3509 | D:4      | Found an iron altar of Okawaru.
  3511 | D:4      | Found a sparkling altar of Nemelex Xobeh.
  3611 | D:4      | Noticed Sigmund
  3681 | D:4      | Killed Sigmund
  3682 | D:4      | Reached skill level 1 in Evocations
  4125 | D:5      | Entered Level 5 of the Dungeon
  4459 | D:5      | Reached * piety under Cheibriados
  4460 | D:5      | Reached skill level 7 in Ranged Weapons
  4728 | D:4      | Reached skill level 1 in Invocations
  4986 | D:5      | Reached XP level 8. HP: 60/60 MP: 8/8
  5819 | D:5      | You fall into a shaft and drop 3 floors!
  6053 | D:8      | Reached skill level 8 in Ranged Weapons
  6323 | D:8      | Found a transporter.
  6328 | D:8      | Noticed a slime creature
  6328 | D:8      | Noticed a slime creature
  6352 | D:8      | Reached skill level 5 in Fighting
  6368 | D:8      | Reached XP level 9. HP: 66/68 MP: 10/10
  6456 | D:8      | Reached skill level 5 in Armour
  6522 | D:8      | Noticed a hornet
  6528 | D:8      | Killed a hornet
  6821 | D:9      | Reached ** piety under Cheibriados
  7051 | D:8      | Found a viscous altar of Jiyva.
  7052 | D:8      | Found a transporter.
  7332 | D:7      | Found a flagged portal.
  7351 | Bailey   | Entered a bailey
  7589 | Bailey   | Reached skill level 1 in Long Blades
  7662 | Bailey   | Reached skill level 9 in Ranged Weapons
  7892 | Bailey   | Reached *** piety under Cheibriados
  7914 | Bailey   | Reached skill level 5 in Dodging
  8193 | Bailey   | Noticed a gargoyle
  8205 | Bailey   | Killed a gargoyle
  8206 | Bailey   | Reached XP level 10. HP: 40/77 MP: 10/12
  8346 | Bailey   | Found the +2 hat of the Bear Spirit {Spirit, Bear, *Rage
                  | Will++}
  8360 | Bailey   | Identified the ring of Eskal {Fire Will+++ Int+2 Slay-5
                  | Stlth-}
  8631 | D:7      | Reached skill level 10 in Ranged Weapons
  8902 | D:7      | Reached **** piety under Cheibriados
  9829 | D:6      | Noticed Maggie
  9840 | D:6      | Killed Maggie
 10029 | D:5      | Found a white marble altar of Elyvilon.
 10386 | D:9      | Noticed a two-headed ogre
 10388 | D:9      | Reached ***** piety under Cheibriados
 10395 | D:9      | Killed a two-headed ogre
 10396 | D:9      | Reached skill level 11 in Ranged Weapons
 10396 | D:9      | Noticed a centaur warrior
 10407 | D:9      | Killed a centaur warrior
 10407 | D:9      | Noticed a five-headed hydra
 10408 | D:9      | Reached XP level 11. HP: 86/86 MP: 11/13
 10409 | D:9      | Identified the ring "Velikh" {Wiz rElec rPois Stlth+}
 10409 | D:9      | Noticed a deep elf pyromancer
 10418 | D:10     | Entered Level 10 of the Dungeon
 10420 | D:10     | Killed from afar by an acid dragon

Illustrated notes

Levels and vault maps discovered:
D:1:      heliophobic_arrival_ceremonial_halls, layout_loops_corners,
          hellmonk_ecumenical_altar_run_dry, serial_shops,
          nicolae_shop_just_a_little_nook, shop
D:2:      kennysheep_six_static_rooms, layout_basic, serial_shops,
          nicolae_shop_tiny_waterfront, nicolae_lakefront_shop, shop, shop,
          shop, nicolae_half_adder
D:3:      layout_rooms
D:4:      layout_loops_corners, nicolae_overflow_hallway_of_the_gods,
          jmf_multi_god_temple, minmay_temple_entry_large_hall,
          roderic_st_hans_cross, minmay_misc_feat_tower, uniq_sigmund
D:5:      layout_cave_pools, elyvilon_altar_3
D:6:      layout_loops_corners, uniq_maggie
D:7:      layout_gridville, enter_bailey_7, minmay_manual_mares
D:8:      gammafunk_jiyva_shrine, layout_loops_ring,
          minmay_misc_feat_four_crosses
D:9:      minmay_the_grid_octo_2x2 [minmay_the_grid_octo_tetromino_candy,
          minmay_the_grid_octo_teeth, minmay_the_grid_octo_thin_diamonds,
          minmay_the_grid_octo_prize_star], layout_basic, nicolae_blasting_shop,
          uniq_erica, uniq_psyche
D:10:     minmay_distorted_concentric_squares, layout_gridville,
          zin_scriptorium, lair_entry_dummy, serial_ice, serial_ice_o,
          serial_ice_n, serial_ice_i, serial_ice_a, serial_ice_b, serial_ice_e
Temple:   hellmonk_temple_beads

Skill      XL: |  1  2  3  4  5  6  7  8  9 10 |
---------------+-------------------------------+-----
Armour         | 1 2 3 4 5 6 |  6.8
Ranged Weapons | 5 6 7 8 9 11 | 11.7
Fighting       | 3 4 5 6 8 |  8.1
Short Blades   | 2 3 4 |  4.3
Stealth        | 1 |  1.7
Dodging        | 3 4 5 |  5.7
Evocations     | 1 2 3 4 |  4.5
Invocations    | 1 2 3 |  3.7
Long Blades    | 1 4 |  4.0

Action                     |  1- 3 |  4- 6 |  7- 9 | 10-12 || total
---------------------------+-------+-------+-------+-------++-------
  Melee: Dagger            |       |    71 |   175 |    30 ||   276
         Punch             |       |     1 |     3 |     1 ||     5
         Scimitar          |       |       |     2 |       ||     2
   Fire: Shortbow          |    77 |   163 |   438 |   195 ||   873
Ability: Hop               |       |     1 |     6 |     2 ||     9
  Evoke: Wand              |       |       |     8 |       ||     8
    Use: Scroll            |     4 |       |    13 |     7 ||    24
         Potion            |       |     4 |     1 |       ||     5
 Armour: Leather armour    |    24 |    29 |       |       ||    53
         Chain mail        |       |    95 |   416 |   134 ||   645
         Skin              |       |     4 |     4 |       ||     8
  Dodge: Dodged            |    25 |    63 |   237 |   130 ||   455

Table legend: (Time is in decaauts)
 A = Elapsed time spent in this place.
 B = Non-inter-level travel time spent in this place.
 C = Inter-level travel time spent in this place.
 D = Time resting spent in this place.
 E = Time spent auto-exploring this place.
 F = Levels seen in this place.
 G = Mean time per level.
                   A        B        C        D        E       F      G
               +--------+--------+--------+--------+--------+-----+--------+
         Total |  13695 |  12769 |    926 |   2666 |   7506 |  12 | 1141.2 |
       Dungeon |  12378 |  11452 |    926 |   2155 |   7349 |  10 | 1237.8 |
        Temple |      1 |      1 |      0 |      0 |      0 |   1 |    1.0 |
        Bailey |   1315 |   1315 |      0 |    510 |    157 |   1 | 1315.0 |
               +--------+--------+--------+--------+--------+-----+--------+

Top non-repeatable levels by time:
     D:4: 2939 daAuts
     D:6: 1778 daAuts
     D:8: 1745 daAuts
     D:2: 1347 daAuts
     D:5: 1344 daAuts
  Bailey: 1315 daAuts
     D:7: 1314 daAuts
     D:1: 1134 daAuts
     D:3: 496 daAuts
     D:9: 275 daAuts
    D:10: 2 daAuts
  Temple: 1 daAuts
